 Dungeon Crawl Stone Soup version 0.29-a0-901-g46a8461d6a (webtiles) character file.

Game seed: 1150510421219552437

376 inmateoo the Chopper (level 6, 0/55 HPs)
             Began as a Minotaur Fighter on July 24, 2022.
             Was an Initiate of Okawaru.
             Slain by Maggie
             ... wielding a +1 war axe of flaming
              (4 damage)
             ... on level 6 of the Dungeon.
             The game lasted 00:02:16 (3185 turns).

inmateoo the Chopper (Minotaur Fighter)             Turns: 3185, Time: 00:02:17

Health: 0/55       AC:  9    Str: 21    XL:     6   Next: 44%
Magic:  5/5        EV:  8    Int:  5    God:    Okawaru [......]
Gold:   232        SH:  5    Dex: 11    Spells: 5/5 levels left

rFire   . . .      SeeInvis .   a - +1 war axe
rCold   . . .      Faith    .   c - +0 buckler
rNeg    . . .      Spirit   .   e - +0 chain mail
rPois   .          Reflect  .   (helmet restricted)
rElec   .          Harm     .   (no cloak)
rCorr   .          Rampage  .   (no gloves)
Will    .....                   (no boots)
Stlth   ..........              (no amulet)
HPRegen 0.18/turn               (no ring)
MPRegen 0.09/turn               (no ring)

@: mighty, mesmerised
A: horns 2, retaliatory headbutt
a: Renounce Religion


You were on level 6 of the Dungeon.
You worshipped Okawaru.
Okawaru was noncommittal.
You visited 2 branches of the dungeon, and saw 6 of its levels.

You collected 232 gold pieces.

Inventory:

Hand Weapons
 a - a +1 war axe (weapon)
Armour
 c - a +0 buckler (worn)
 e - a +0 chain mail (worn)
Wands
 l - a wand of light (2)
Scrolls
 f - 3 scrolls of teleportation
 h - 3 scrolls of enchant weapon
 i - a scroll of identify
 j - a scroll of butterflies
 n - a scroll of noise {unknown}
Potions
 b - a potion of curing
 g - a potion of degeneration {unknown}
 k - a potion of cancellation {unknown}
 m - a potion of magic {unknown}
 o - a potion of haste {unknown}
 p - a potion of flight {unknown}
 q - a potion of invisibility {unknown}


   Skills:
 + Level 4.9 Fighting
 * Level 5.2 Axes
 + Level 4.8 Armour
 + Level 2.5 Dodging
 + Level 4.9 Shields
 + Level 0.0 Invocations


You had 5 spell levels left.
You didn't know any spells.
Your spell library contained the following spells:

 Spells                   Type           Power      Damage    Failure   Level
 Sandblast                Erth           0%         2d4       99%         1
 Passwall                 Tmut/Erth      0%         N/A       100%        2
 Stone Arrow              Conj/Erth      0%         3d7       100%        3
 Alistair's Intoxication  Tmut/Pois      0%         N/A       100%        5
 Borgnjor's Vile Clutch   Necr/Erth      0%         N/A       100%        5
 Eringya's Noxious Bog    Tmut/Pois      0%         N/A       100%        6


Dungeon Overview and Level Annotations

Branches:
Dungeon (4/15)             Temple (1/1) D:4

Altars:
Cheibriados
Elyvilon
Fedhas
Kikubaaqudgha
Makhleb
Nemelex Xobeh
Okawaru
Ru
Sif Muna
Uskayaw
Vehumet
Wu Jian
Yredelemnul
Zin
The Shining One

Annotations:
D:6 Maggie


Innate Abilities, Weirdness & Mutations

You have a pair of horns on your head.
You reflexively headbutt those who attack you in melee.


Message History

You slash Maggie!
Maggie is moderately wounded.
Maggie hits you with a +1 war axe of flaming.
Maggie burns you.
You are too injured to fight recklessly!
You hit Maggie but do no damage. You headbutt Maggie.
Maggie is moderately wounded.
Maggie casts a spell at you. The bolt of fire misses you.
You are too injured to fight recklessly!
You feel very mighty all of a sudden.
Maggie gestures wildly while chanting.
Maggie draws you further into her thrall.
You slash Maggie! You headbutt Maggie!
Maggie is heavily wounded.
Maggie hits you with a +1 war axe of flaming.
Maggie burns you.
Maggie hits you with a +1 war axe of flaming.
* * * LOW HITPOINT WARNING * * *
Maggie burns you.
* * * LOW HITPOINT WARNING * * *
You hit Maggie. Your headbutt misses Maggie.
Maggie is severely wounded.
You block Maggie's attack.
You slash Maggie! Your headbutt misses Maggie.
Maggie is almost dead.
Maggie hits you but does no damage.
You barely miss Maggie.
Maggie is almost dead.
Maggie hits you with a +1 war axe of flaming!
* * * LOW HITPOINT WARNING * * *
Maggie burns you.
* * * LOW HITPOINT WARNING * * *
You hit Maggie. Your headbutt misses Maggie.
Maggie is almost dead.
Maggie hits you but does no damage. x2
You barely miss Maggie.
Maggie is almost dead.
Maggie hits you with a +1 war axe of flaming.
You die...

## ### #.# ##..##
#..#### ####....>##
#.@@..#
#................##
##..........#..##.#
.........# #.. #.
......#..# #. ..
###..## .## #. #.#
##.# #..### ..
#.##...... ###
#.#...#


You could see Maggie (mesmerising).

Vanquished Creatures
  A bullfrog (D:4)
  Jessica (D:2)
  Natasha (thrice) (D:2)
  5 gnolls (D:3)
  6 adders
  A shadow imp (D:6)
  An ufetubus (D:4)
  3 worms
  A dart slug (D:1)
  3 bats
  7 endoplasms
  8 giant cockroaches
  12 goblins
  6 hobgoblins
  5 jackals
  5 kobolds
  2 quokkas
  7 ball pythons
  6 frilled lizards
  6 rats
89 creatures vanquished.

Vanquished Creatures (others)
  A ball python (D:2)
1 creature vanquished.

Grand Total: 90 creatures vanquished

Notes
Turn   | Place    | Note
-------+----------+-------------------------------------------
     0 | D:1      | inmateoo the Minotaur Fighter began the quest for the Orb.
     0 | D:1      | Reached XP level 1. HP: 19/19 MP: 0/0
   114 | D:1      | Found a faded altar of an unknown god.
   180 | D:1      | Reached XP level 2. HP: 27/27 MP: 1/1
   596 | D:2      | Noticed Jessica
   601 | D:2      | Killed Jessica
   602 | D:2      | Reached skill level 3 in Axes
   602 | D:2      | Reached skill level 1 in Dodging
   602 | D:2      | Reached XP level 3. HP: 29/33 MP: 2/2
   786 | D:2      | Noticed Natasha
   786 | D:2      | Found the +6 shillelagh "Devastator" {shatter}
   795 | D:2      | Reached XP level 4. HP: 15/40 MP: 3/3
   795 | D:2      | HP: 1/40 [Natasha/bolt of light (13)]
  1271 | D:2      | Killed Natasha
  1272 | D:2      | Reached skill level 4 in Axes
  1439 | D:2      | Noticed Natasha
  1443 | D:2      | Killed Natasha
  1444 | D:2      | Reached XP level 5. HP: 45/47 MP: 4/4
  1486 | D:2      | Noticed Natasha
  1495 | D:2      | Killed Natasha
  2115 | D:3      | Reached XP level 6. HP: 46/53 MP: 5/5
  2939 | D:4      | Reached skill level 5 in Axes
  2998 | D:4      | Found a staircase to the Ecumenical Temple.
  3017 | Temple   | Entered the Ecumenical Temple
  3024 | Temple   | Became a worshipper of Warmaster Okawaru
  3055 | D:4      | You fall into a shaft and drop 2 floors!
  3171 | D:6      | Noticed Maggie
  3185 | D:6      | Slain by Maggie

Illustrated notes

Levels and vault maps discovered:
D:1:      reono_arrival_forest_river, layout_loops_ring,
          ebering_ecumenical_altar_petrified
D:2:      minmay_recursive_quarters, layout_loops_ring, st_stairs_3,
          uniq_jessica, uniq_natasha
D:3:      layout_rooms, minmay_circle_x
D:4:      layout_loops_corners, minmay_temple_entry_arrows, grunt_ministairs_6
D:6:      layout_layer_cave, minmay_between, uniq_maggie
Temple:   nicolae_temple_no_exploring_needed

Skill      XL: |  1  2  3  4  5  6 |
---------------+-------------------+-----
Fighting       | 4 |  4.9
Axes           | 3 4 5 |  5.2
Armour         | 4 |  4.8
Dodging        | 1 2 |  2.5
Shields        | 4 |  4.9

Action                   |  1- 3 |  4- 6 || total
-------------------------+-------+-------++-------
Melee: War axe           |    49 |   141 ||   190
       Headbutt          |     5 |    17 ||    22
  Use: Scroll            |       |     7 ||     7
       Potion            |       |     1 ||     1
Armor: Scale mail        |     5 |       ||     5
       Chain mail        |    34 |    82 ||   116
Dodge: Dodged            |    18 |    62 ||    80
Block: Buckler           |    11 |    38 ||    49

Table legend: (Time is in decaauts)
 A = Elapsed time spent in this place.
 B = Non-inter-level travel time spent in this place.
 C = Inter-level travel time spent in this place.
 D = Time resting spent in this place.
 E = Time spent auto-exploring this place.
 F = Levels seen in this place.
 G = Mean time per level.
                   A        B        C        D        E       F      G
               +--------+--------+--------+--------+--------+-----+--------+
         Total |   3262 |   3179 |     83 |    852 |   1766 |   6 |  543.7 |
       Dungeon |   3247 |   3171 |     76 |    852 |   1766 |   5 |  649.4 |
        Temple |     14 |      7 |      7 |      0 |      0 |   1 |   14.0 |
               +--------+--------+--------+--------+--------+-----+--------+

Top non-repeatable levels by time:
     D:3: 1023 daAuts
     D:1: 885 daAuts
     D:2: 795 daAuts
     D:4: 408 daAuts
     D:6: 133 daAuts
  Temple: 14 daAuts
